 Dungeon Crawl Stone Soup version 0.29.1-15-g9cfb28693d (webtiles) character file.

Game seed: 10156502180989942795

83 coffeetime the Shooter (level 4, -1/25 HPs)
             Began as a Kobold Arcane Marksman on July 1, 2023.
             Killed from afar by Ijyb (6 damage)
             ... with an iceblast
             ... on level 3 of the Dungeon.
             The game lasted 00:10:13 (2174 turns).

coffeetime the Shooter (Kobold Arcane Marksman)     Turns: 2174, Time: 00:10:14

Health: -1/25      AC:  4    Str:  7    XL:     4   Next: 71%
Magic:  4/6        EV: 12    Int: 14    God:
Gold:   88         SH:  8    Dex: 17    Spells: 5/6 levels left

rFire   . . .      SeeInvis .   a - +1 sling
rCold   . . .      Faith    .   q - +0 kite shield
rNeg    . . .      Spirit   .   c - +0 robe
rPois   .          Reflect  .   v - +0 helmet
rElec   .          Harm     .   (no cloak)
rCorr   .          Rampage  .   i - +0 pair of gloves
Will    .....                   (no boots)
Stlth   +++.......              (no amulet)
HPRegen 0.08/turn               (no ring)
MPRegen 0.10/turn               (no ring)

@: very slightly contaminated
A: small, no large weapons, nightstalker 3
a: no special abilities


You were on level 3 of the Dungeon.
You visited 1 branch of the dungeon, and saw 3 of its levels.

You collected 88 gold pieces.

Inventory:

Hand Weapons
 a - a +1 sling (weapon)
 h - a +0 mace
Missiles
 d - 5 javelins
 e - 42 stones
Armour
 c - a +0 robe (worn)
 i - a +0 pair of gloves (worn)
 q - a +0 kite shield (worn)
 v - a +0 helmet (worn)
Wands
 r - a wand of paralysis (11)
Scrolls
 b - 3 scrolls of poison
 f - 2 scrolls of amnesia {unknown}
 k - a scroll of magic mapping {unknown}
 l - 3 scrolls of identify {unknown}
 u - a scroll of immolation {unknown}
Potions
 g - 2 potions of attraction {unknown}
 j - a potion of resistance {unknown}
 m - 3 potions of curing {unknown}
 n - a potion of lignification {unknown}
 o - 2 potions of flight {unknown}
 p - a potion of heal wounds {unknown}
 s - a potion of cancellation {unknown}
 t - a potion of mutation {unknown}


   Skills:
 + Level 1.6 Fighting
 + Level 5.0 Ranged Weapons
 + Level 3.1 Dodging
 + Level 0.2 Stealth
 + Level 1.6 Spellcasting
 - Level 3.0 Hexes


You had 5 spell levels left.
You knew the following spells:

 Your Spells              Type           Power      Damage    Failure   Level
a - Slow                  Hex            36%        N/A       43%         1

Your spell library contained the following spells:

 Spells                   Type           Power      Damage    Failure   Level
 Inner Flame              Hex/Fire       5%         N/A       95%         3
 Portal Projectile        Hex/Tloc       10%        N/A       95%         3
 Cause Fear               Hex            4%         N/A       99%         4


Dungeon Overview and Level Annotations

Branches:
Dungeon (3/15)

Altars:

Annotations:
D:3 Ijyb


Innate Abilities, Weirdness & Mutations

You are small and have problems with some larger weapons.
You are completely attuned to the shadows.


Message History

Fire: a) +1 sling
Press: ? - help, Q - select action, (/) - cycle Shift-Dir - straight line, f - Ijyb
Aim: Ijyb, wielding a +0 dagger of speed, wearing a +0 ring mail and carrying a wand of iceblast (10) (asleep, 98% to hit)
You shoot a sling bullet. The sling bullet hits Ijyb.
Ijyb shouts!
Ijyb is lightly wounded.
Ijyb zaps a wand.
The mass of ice explodes!
The iceblast engulfs you!
You hear a shout!
Fire: a) +1 sling
Press: ? - help, Q - select action, (/) - cycle Shift-Dir - straight line, f/p - Ijyb
Aim: Ijyb, wielding a +0 dagger of speed, wearing a +0 ring mail and carrying a wand of iceblast (9) (lightly wounded, 57% to hit)
You shoot a sling bullet. The sling bullet barely misses Ijyb.
Unknown command.
Ijyb attacks as you move away! Ijyb closely misses you.
Ijyb attacks as you move away! Ijyb barely misses you.
Casting: Slow (safe; 43% risk of failure)
Confirm with . or Enter, or press ? or * to list all spells.
Aiming: Slow (safe; 43% risk of failure)
Press: ? - help, Shift-Dir - straight line, f/p - Ijyb
Aim: Ijyb, wielding a +0 dagger of speed, wearing a +0 ring mail and carrying a wand of iceblast (9) (lightly wounded, chance to affect: 55%)
You miscast Slow.
You are very lightly contaminated with residual magic.
Nothing appears to happen.
Ijyb hits you with a +0 dagger of speed.
Casting: Slow (safe; 43% risk of failure)
Confirm with . or Enter, or press ? or * to list all spells.
Aiming: Slow (safe; 43% risk of failure)
Press: ? - help, Shift-Dir - straight line, f/p - Ijyb
Aim: Ijyb, wielding a +0 dagger of speed, wearing a +0 ring mail and carrying a wand of iceblast (9) (lightly wounded, chance to affect: 55%) Ijyb seems to slow down.
You block Ijyb's attack.
Ijyb zaps a wand.
The mass of ice explodes!
The iceblast engulfs you!
* * * LOW HITPOINT WARNING * * *
Fire: a) +1 sling
Press: ? - help, Q - select action, (/) - cycle Shift-Dir - straight line, f/p - Ijyb
Aim: Ijyb, wielding a +0 dagger of speed, wearing a +0 ring mail and carrying a wand of iceblast (8) (lightly wounded, slow, 57% to hit)
You shoot a sling bullet.
The sling bullet hits Ijyb but does no damage.
Ijyb is lightly wounded.
Ijyb zaps a wand.
The mass of ice explodes!
The iceblast engulfs you.
You die...

...#.....
...#.....
.!..>....
.........
...#.##########
........g.@....
####.##########
#.# #.# #.# #.#
#.# #.# #.#


You could see Ijyb (slow).

Vanquished Creatures
  An adder (D:2)
  2 gnolls (D:2)
  3 dart slugs
  An orc (D:3)
  4 ball pythons (D:1)
  2 bats
  3 endoplasms
  3 giant cockroaches
  2 goblins
  11 hobgoblins
  2 jackals (D:1)
  A quokka (D:1)
  A frilled lizard (D:2)
  4 kobolds
  3 rats
43 creatures vanquished.

Notes
Turn   | Place    | Note
-------+----------+-------------------------------------------
     0 | D:1      | coffeetime the Kobold Arcane Marksman began the quest for
                  | the Orb.
     0 | D:1      | Reached XP level 1. HP: 12/12 MP: 2/2
   219 | D:1      | Reached skill level 3 in Ranged Weapons
   240 | D:1      | Reached XP level 2. HP: 12/16 MP: 3/3
   671 | D:1      | Reached XP level 3. HP: 20/20 MP: 4/4
   876 | D:1      | Reached skill level 4 in Ranged Weapons
   894 | D:1      | Found a faded altar of an unknown god.
  1442 | D:2      | Reached XP level 4. HP: 25/25 MP: 3/5
  1926 | D:2      | Reached skill level 5 in Ranged Weapons
  2163 | D:3      | Noticed Ijyb
  2174 | D:3      | Killed from afar by Ijyb

Illustrated notes

Levels and vault maps discovered:
D:1:      evilmike_arrival_hilbert_curve, layout_loops_cross,
          hellmonk_ecumenical_altar_prayer_group, minmay_misc_feat_nine_boxes,
          grunt_decor_cap
D:2:      layout_basic, grunt_ministairs_9
D:3:      layout_basic, gammafunk_temple_overflow_claw,
          mainiacjoe_overflow_chevrons, uniq_sigmund, uniq_ijyb

Skill      XL: |  1  2  3  4 |
---------------+-------------+-----
Ranged Weapons | 3 4 5 |  5.0
Dodging        | 3 |  3.1
Fighting       | |  1.6
Stealth        | |  0.2
Spellcasting   | |  1.6
Hexes          | |  3.0

Action                   |  1- 3 |  4- 6 || total
-------------------------+-------+-------++-------
 Fire: Sling             |    74 |    35 ||   109
 Cast: Slow              |     4 |     9 ||    13
Armor: Robe              |     4 |       ||     4
Dodge: Dodged            |    24 |     5 ||    29
Block: Kite shield       |       |     1 ||     1
